 Dungeon Crawl Stone Soup version 0.24.0-13-gcf9b319 (webtiles) character file.

Game seed: 4832550516566680531, levelgen mode: deterministic

24 Bronimir the Firebug (level 3, -2/32 HPs)
             Began as an Ogre Fire Elementalist on Apr 9, 2020.
             Slain by an adder (5 damage)
             ... on level 2 of the Dungeon.
             The game lasted 00:01:32 (777 turns).

Bronimir the Firebug (Ogre Fire Elementalist)        Turns: 777, Time: 00:01:33

Health: -2/32      AC:  3    Str: 13    XL:     3   Next: 2%
Magic:  0/7        EV: 10    Int: 16    God:
Gold:   66         SH:  0    Dex:  9    Spells: 6/7 levels left

rFire    . . .     SeeInvis .   d - +0 spear
rCold    + . .     Gourm    .   (no shield)
rNeg     . . .     Faith    .   f - +0 robe {rC+}
rPois    .         Spirit   .   (helmet restricted)
rElec    .         Reflect  .   (no cloak)
rCorr    .         Harm     .   (gloves unavailable)
MR       .....                  (boots unavailable)
Stlth    +.........             (no amulet)
HPRegen  0.10/turn              (no ring)
MPRegen  0.10/turn              (no ring)

@: lethally poisoned (-2 -> -6)
A: large, unfitting armour, tough skin 1
a: no special abilities


You were on level 2 of the Dungeon.
You were not hungry.

You visited 1 branch of the dungeon, and saw 2 of its levels.

You collected 66 gold pieces.

Inventory:

Hand Weapons
 d - a +0 spear (weapon)
 k - a +0 mace
Missiles
 j - 56 stones (quivered)
Armour
 a - a +0 robe
 f - a +0 robe of cold resistance (worn)
Jewellery
 e - a +3 amulet of reflection {unknown}
Scrolls
 b - a scroll of enchant weapon {unknown}
 g - a scroll of noise {unknown}
 i - a scroll of identify {unknown}
 l - a scroll of teleportation {unknown}
Potions
 h - a potion of brilliance {unknown}
Comestibles
 c - 4 rations


   Skills:
 * Level 0.8 Fighting
 + Level 1.9 Dodging
 - Level 1.4 Stealth
 * Level 2.8 Spellcasting
 * Level 1.0 Conjurations
 * Level 3.2 Fire Magic


You had 6 spell levels left.
You knew the following spells:

 Your Spells              Type           Power        Failure   Level  Hunger
a - Flame Tongue          Conj/Fire      #....        8%          1    #......

Your spell library contained the following spells:

 Spells                   Type           Power        Failure   Level  Hunger
 Throw Flame              Conj/Fire      #.....       12%         2    ##.....
 Conjure Flame            Conj/Fire      #.......     24%         3    ###....
 Inner Flame              Hex/Fire       #.......     28%         3    ###....
 Sticky Flame             Conj/Fire      #.......     61%         4    #####..
 Fireball                 Conj/Fire      #.........   91%         5    ######.


Dungeon Overview and Level Annotations

Branches:
Dungeon (2/15)

Altars:


Innate Abilities, Weirdness & Mutations

You are too large for most types of armour.
You have tough skin. (AC +1)


Message History

Confirm with . or Enter, or press ? or * to list all spells.
Aiming: Flame Tongue (safe; 8% risk of failure)
Press: ? - help, Shift-Dir - straight line, f/p - adder
Aim: an adder (lightly wounded)
The flame tongue hits the adder!
The adder is severely wounded.
The adder bites you.
* * * LOW HITPOINT WARNING * * *
You are poisoned.
The adder poisons you!
You closely miss the adder.
The adder is severely wounded.
You feel sick. The giant cockroach closely misses you. The adder bites you.
* * * LOW HITPOINT WARNING * * *
You hit the adder.
The adder is almost dead.
The giant cockroach barely misses you. The adder barely misses you.
The giant cockroach bites you but does no damage.
The adder bites you.
You die...

#######
########.....#
#......†..##<# #
#.######..##.##.#
#................
#..##....@##.....
#..##.#.sS##.....
#..##.#..........
#..##.#.#.#####.##
#.........# .#
#####.....# #+##
#####.# #...# #.#
#..... #
#)##......


You could see an adder and a giant cockroach.

Vanquished Creatures
  An adder (D:2)
  3 bats (D:1)
  2 goblins
  2 hobgoblins
  2 jackals (D:1)
  4 rats (D:1)
14 creatures vanquished.

Notes
Turn   | Place    | Note
-------+----------+-------------------------------------------
     0 | D:1      | Bronimir the Ogre Fire Elementalist began the quest for the
                  | Orb.
     0 | D:1      | Reached XP level 1. HP: 16/16 MP: 3/3
   153 | D:1      | Reached XP level 2. HP: 23/24 MP: 0/5
   247 | D:1      | Reached skill level 3 in Fire Magic
   761 | D:2      | Reached skill level 1 in Conjurations
   768 | D:2      | Reached XP level 3. HP: 10/32 MP: 0/7
   777 | D:2      | Slain by an adder

Levels and vault maps discovered:
D:1:      nicolae_arrival_washed_ashore, layout_basic
D:2:      layout_loops_corners

Skill      XL: |  1  2 |
---------------+-------+-----
Fire Magic     | 3 |  3.2
Conjurations   | 1 |  1.0
Fighting       | |  0.8
Dodging        | |  1.9
Stealth        | |  1.4
Spellcasting   | |  2.8

Action                   || total
-------------------------++-------
Melee: Spear             ||    16
 Cast: Flame Tongue      ||    21
Armor: Robe              ||    13
Dodge: Dodged            ||    26
